Map: [TLMC22] Washout

Players

LiquidClem (Clem) - Winner!

  • Race: Terran Terran

Classic

  • Race: Protoss Protoss

VOD

Have the link to the VOD?

Description

Time

  • Played on: April 20, 2026, 1:24 p.m.
  • Length: 8:21
Show
View Real Time Build Order
Export as new Build Order

LiquidClem Terran - Winner!

Build Orders:  

Get SALT Encoding   

  12  0:00  SCV  
  13  0:13  SCV  
  14  0:17  Supply Depot  
  14  0:25  SCV  
  15  0:38  SCV  
  15  0:40  Barracks  
  16  0:43  Refinery  
  16  0:50  SCV  
  17  1:03  SCV  
  18  1:15  SCV  
  19  1:26  Marine  
  19  1:27  Orbital Command  
  20  1:45  Command Center, Barracks Tech Lab  
  20  1:50  Supply Depot  
  21  1:54  SCV  
  21  2:03  Concussive Shells  
  21  2:04  Marauder  
  23  2:12  SCV  
  24  2:17  Barracks  
  24  2:24  SCV  
  24  2:25  Marauder  
  27  2:32  Barracks  
  27  2:36  SCV  
  28  2:46  Marauder  
  28  2:47  Stimpack  
  28  2:48  SCV  
  31  2:59  Orbital Command  
  31  3:01  SCV  
  31  3:04  Barracks Reactor  
  32  3:10  Marauder  
  32  3:11  Supply Depot  
  34  3:17  SCV  
  34  3:19  Barracks Tech Lab  
  35  3:25  SCV  
  36  3:29  SCV  
  36  3:31  Supply Depot, Marauder  
  39  3:37  SCV  
  39  3:39  Marauder  
  39  3:41  SCV  
  43  3:47  Marine x2  
  42  3:50  SCV  
  42  3:53  SCV  
  42  3:56  Marauder  
  42  3:58  Supply Depot  
  42  4:02  SCV  
  43  4:05  Marine x2, SCV  
  43  4:06  Marauder  
  48  4:11  Refinery  
  48  4:14  SCV  
  47  4:17  Marauder, SCV  
  47  4:20  Refinery  
  47  4:22  Marine  
  47  4:23  Marine  
  52  4:24  Engineering Bay  
  52  4:26  SCV  
  52  4:28  Marauder  
  52  4:29  SCV  
  56  4:36  Supply Depot  
  56  4:38  SCV, Marauder  
  59  4:40  Marine x2  
  59  4:41  SCV  
  62  4:46  Factory  
  62  4:49  Supply Depot  
  62  4:50  SCV  
  63  4:53  SCV  
  63  4:55  Marauder  
  63  4:58  Marine x2  
  70  5:00  Marauder  
  70  5:02  SCV  
  70  5:06  SCV  
  65  5:14  SCV  
  65  5:16  Marine x2, Marauder  
  65  5:17  Refinery  
  65  5:18  SCV  
  70  5:22  Marauder  
  70  5:30  SCV  
  70  5:31  Factory Reactor, Starport  
  70  5:34  Marine x2  
  68  5:39  Combat Shield  
  67  5:43  Marauder  
  67  5:47  Command Center  
  67  5:49  Marauder  
  71  5:50  Barracks  
  71  5:51  Marine  
  71  5:52  Marine, Barracks  
  71  5:54  Supply Depot  
  71  6:01  SCV  
  71  6:03  SCV  
  72  6:05  Marauder  
  72  6:09  Marine x2  
  72  6:10  Marauder  
  76  6:13  SCV  
  76  6:15  Medivac  
  76  6:16  Factory Reactor  
  76  6:17  Medivac  
  80  6:19  Supply Depot  
  80  6:25  Terran Infantry Weapons Level 1  
  80  6:26  Missile Turret  
  80  6:27  Missile Turret, Marine x2  
  80  6:29  Supply Depot, SCV x2  
  86  6:32  Marauder  
  86  6:40  Barracks Tech Lab, Barracks Reactor  
  86  6:41  SCV x2  
  86  6:42  Marauder  
  90  6:48  Supply Depot  
  90  6:49  Marine  
  90  6:52  Medivac  
  90  6:53  SCV  
  90  6:54  Marauder  
  96  6:55  Marine  
  96  6:58  Medivac  
  97  7:02  Marauder  
  97  7:05  Widow Mine x2  
  97  7:07  Marine x2  
  103  7:09  SCV  
  103  7:10  SCV  
  103  7:15  Marine, Marauder, Supply Depot  
  108  7:19  Marine  
  108  7:20  Marine  
  108  7:21  SCV  
  111  7:24  Supply Depot  
  111  7:25  Marauder  
  111  7:26  Marauder  
  115  7:34  Marine  
  115  7:35  Marine  
  115  7:37  Marauder  
  107  7:41  Viking  
  95  7:44  Marine  
  95  7:46  SCV  
  95  7:47  Marauder  
  95  7:49  Marine x2  
  89  7:52  Marine  
  89  7:58  Marine  
  92  8:03  SCV  
  96  8:06  SCV  
Show
View Real Time Build Order
Export as new Build Order

Classic Protoss 

Build Orders: 1 Gate Expand, Blink Stalkers 

Get SALT Encoding   

  12  0:01  Probe  
  13  0:13  Probe  
  14  0:18  Pylon  
  14  0:24  Probe  
  15  0:32  Probe  
  15  0:37  Gateway  
  15  0:40  Probe  
  16  0:46  Assimilator  
  17  0:51  Probe  
  18  1:03  Probe  
  19  1:15  Probe  
  20  1:21  Nexus  
  20  1:31  Cybernetics Core  
  20  1:34  Probe  
  21  1:41  Assimilator  
  21  1:46  Probe  
  22  1:49  Pylon  
  22  1:58  Adept, Probe  
  23  2:07  Probe  
  25  2:09  Warp Gate  
  26  2:15  Probe  
  26  2:21  Twilight Council  
  27  2:24  Probe  
  27  2:26  Stalker  
  30  2:30  Probe  
  30  2:36  Probe  
  32  2:39  Probe  
  33  2:48  Probe, Blink  
  33  2:49  Probe  
  35  3:00  Probe  
  35  3:01  Probe  
  35  3:03  Gateway  
  37  3:08  Stalker  
  37  3:12  Probe  
  40  3:13  Probe  
  41  3:22  Pylon  
  41  3:24  Probe  
  41  3:25  Probe  
  42  3:34  Pylon  
  42  3:35  Robotics Facility  
  42  3:40  Probe x2  
  44  3:45  Pylon  
  42  3:54  Probe x2  
  42  3:59  Stalker  
  44  4:06  Probe x2  
  44  4:10  Gateway  
  44  4:11  Gateway  
  44  4:14  Warp Prism  
  44  4:15  Assimilator  
  44  4:19  Pylon  
  44  4:27  Sentry  
  44  4:30  Probe x2  
  50  4:33  Pylon  
  50  4:45  Stalker  
  52  4:49  Pylon  
  52  4:52  Stalker  
  50  5:06  Stalker x2  
  52  5:08  Immortal  
  49  5:17  Stalker  
  44  5:30  Probe x2  
  44  5:31  Pylon  
  44  5:33  Stalker x2  
  49  5:41  Stalker  
  51  5:46  Probe x2  
  51  5:53  Stalker  
  53  5:57  Stalker x2  
  53  6:03  Immortal  
  55  6:07  Probe  
  55  6:08  Probe  
  59  6:20  Stalker x3  
  59  6:21  Stalker  
  59  6:25  Probe x2  
  69  6:31  Pylon  
  69  6:47  Stalker x4  
  71  6:51  Pylon  
  77  7:14  Sentry, Stalker x3  
  85  7:26  Pylon  
  81  7:38  Stalker x4  
  77  7:46  Probe x2  
  60  7:58  Probe  
  60  8:01  Probe  
  60  8:03  Nexus  
  61  8:07  Stalker x4  
  61  8:12  Stalker x4  
Tags
 
Add a new tag
Caveats
  • Supply blocks, unpowered buildings, or Contaminate may cause inaccurate times.
  • Supply counts are checked every 10 seconds.